 Dungeon Crawl Stone Soup version 0.30-a0-996-ga6910c8ee8 (webtiles) character file.

Game seed: 17970718083126233748

247 ytrimaz the Ruffian (level 5, -11/46 HPs)
             Began as a Troll Transmuter on Apr 5, 2023.
             Mangled by a gnoll
             ... wielding a +1 glaive of venom
              (12 damage)
             ... on level 4 of the Dungeon.
             The game lasted 00:02:59 (2402 turns).

ytrimaz the Ruffian (Troll Transmuter)              Turns: 2402, Time: 00:03:00

Health: -11/46     AC:  5    Str: 18    XL:     5   Next: 85%
Magic:  5/5        EV:  9    Int: 11    God:
Gold:   182        SH:  0    Dex: 10    Spells: 3/6 levels left

rFire   . . .      SeeInvis .      - Unarmed
rCold   . . .      Faith    .    (no shield)
rNeg    . . .      Spirit   .    a - +0 robe
rPois   .          Reflect  .    (helmet restricted)
rElec   .          Rampage  .    l - +0 cloak
rCorr   .                        (gloves unavailable)
Will    .....                    (boots unavailable)
Stlth   +                        (no amulet)
HPRegen 1.07/turn                j - ring of wizardry
MPRegen 0.09/turn                (no ring)

@: lethally poisoned (-11 -> -29)
A: large, unfitting armour, claws 3, regeneration 1, shaggy fur 1, tough skin 1
a: no special abilities


You were on level 4 of the Dungeon.
You visited 1 branch of the dungeon, and saw 4 of its levels.

You collected 182 gold pieces.


Innate Abilities, Weirdness & Mutations

You are too large for most types of armour.
You have claws for hands.
Your natural rate of healing is unusually fast.
You are covered in fur. (AC +1)
You have tough skin. (AC +1)


   Skills:
 - Level 0.7 Fighting
 - Level 1.5 Dodging
 * Level 6.6 Unarmed Combat
 - Level 1.2 Spellcasting
 - Level 1.3 Transmutations


You had 3 spell levels left.
You knew the following spells:

 Your Spells              Type           Power      Damage    Failure   Level
a - Beastly Appendage     Tmut           6%         N/A       8%          1
b - Wereblood             Tmut           3%         N/A       11%         2

Your spell library contained the following spells:

 Spells                   Type           Power      Damage    Failure   Level
 Apportation              Tloc           0%         N/A       13%         1
 Necrotise                Necr           0%         1d4       13%         1
 Summon Small Mammal      Summ           0%         N/A       13%         1
 Spider Form              Tmut/Pois      2%         N/A       26%         3
 Ice Form                 Ice/Tmut       2%         N/A       65%         4

Inventory:

Armour
 a - a +0 robe (worn)
 l - a +0 cloak (worn)
   (You found it on level 3 of the Dungeon)
Jewellery
 j - a ring of wizardry (left claw)
   (You found it on level 3 of the Dungeon)
Scrolls
 c - 2 scrolls of fog
 k - 2 scrolls of teleportation
Potions
 d - a potion of might
 f - a potion of flight {unknown}
 g - 3 potions of curing {unknown}
 h - a potion of heal wounds {unknown}
 i - a potion of ambrosia {unknown}
 m - a potion of brilliance {unknown}

Dungeon Overview and Level Annotations

Branches:
Dungeon (4/15) Zot: 21614
 Temple: D:4-7

Altars:

Shops:
D:1 ?

Annotations:
D:3 2 runed translucent doors, KidAlby's ghost, amateur MiHu

#####~≈~~~~≈~~
≈≈≈≈≈≈~≈≈≈≈≈≈
≈~≈~~~~~~~~~
...........
#......>.
#.......#
#.....g.#
#....$@.#
#.......#
#.......#
#.....†.#
#....(..#
#.......#
#.....).#
#....†..#
#.......+


You could see a gnoll.


Message History

Your primal bloodlust has ended.
Items here: )))) [[[ †††. 😕 HP[+1] 😕 HP[+2]
You regained 2 hp, and now have 45/46 hp. 😎 HP[+1] MP[+1]
Your hp is fully restored (46).
You open the door.
There is an open door here.
A hound comes into view.
The hound barks! 😎 MP[+1]
Your mp is fully restored (5).
A hound is nearby!
A hound is nearby!
You scratch the hound. The hound bites you.
An orc comes into view. It is wielding a +0 club.
The hound barely misses you. 😕 HP[-2]
You take 2 damage, and now have 44/46 hp.
The orc shouts!
The hound bites you.
You completely miss the hound.
The hound barely misses you. 😕 HP[+1] Unknown command.
You scratch the hound but do no damage. The hound bites you.
The hound misses you. 😕 HP[-3]
You take 3 damage, and now have 42/46 hp.
You claw the hound!
The hound barely misses you. 😕 HP[+1] Unknown command.
You claw the hound!
You kill the hound! 😕 HP[+1]
You scratch the orc but do no damage.
The orc hits you but does no damage. 😕 HP[+1]
You claw the orc!
You kill the orc! 😎 HP[+1]
Your hp is fully restored (46).
Unknown command.
A jackal comes into view.
The jackal barks!
Things that are here:
a +0 club; a +0 ring mail; an orc corpse
Found a stone staircase leading down.
A jackal is nearby!
A jackal is nearby!
You claw the jackal!
You kill the jackal!
A jackal comes into view.
A gnoll comes into view. It is wielding a +1 glaive of venom.
You see here a jackal corpse.
The gnoll throws a throwing net.
The throwing net barely misses you.
Unknown command.
The jackal closely misses you.
There are monsters nearby!
There are monsters nearby!
You completely miss the jackal. The jackal barely misses you.
The jackal closely misses you.
You claw the jackal!
You kill the jackal!
The gnoll hits you from afar with a +1 glaive of venom.
You are poisoned.
You feel very sick.
The gnoll hits you with a +1 glaive of venom!
You are more poisoned.
You see here a jackal corpse. 😮 HP[-18]
You take 18 damage, and now have 28/46 hp.
MASSIVE DAMAGE!! (PAUSE)
You are too injured to fight recklessly!
You claw the gnoll!
You feel very sick.
The gnoll hits you with a +1 glaive of venom!
* * * LOW HITPOINT WARNING * * *
You are lethally poisoned! 😨 HP[-12]
You take 12 damage, and now have 16/46 hp.
MASSIVE DAMAGE!! (PAUSE) Really quaff the potion of lignification?
You turn into a tree.
Your +0 cloak melds into your body.
Your +0 robe melds into your body.
Your roots penetrate the ground.
* * * LOW HITPOINT WARNING * * *
You feel extremely sick.
The gnoll hits you with a +1 glaive of venom.
* * * LOW HITPOINT WARNING * * *
You are more poisoned. 😱 HP[-4]
You now have 69 max hp (+23).
It was a potion of cancellation.
Your magical effects are unravelling.
You feel magically purged.
You feel less wooden.
Your +0 cloak unmelds from your body.
Your +0 robe unmelds from your body.
* * * LOW HITPOINT WARNING * * *
You feel extremely sick.
The gnoll hits you with a +1 glaive of venom!
You die...

Skill      XL: |  1  2  3  4  5 |
---------------+----------------+-----
Unarmed Combat | 4 5 6 |  6.6
Fighting       | |  0.7
Dodging        | |  1.5
Spellcasting   | |  1.2
Transmutations | |  1.3

Action                     |  1- 3 |  4- 6 || total
---------------------------+-------+-------++-------
  Melee: Unarmed           |    86 |    95 ||   181
         Punch             |     1 |     1 ||     2
   Cast: Wereblood         |       |     1 ||     1
    Use: Scroll            |     5 |     2 ||     7
         Potion            |       |     2 ||     2
   Stab: Sleeping          |     1 |     1 ||     2
 Armour: Robe              |    28 |    35 ||    63
  Dodge: Dodged            |    35 |    42 ||    77

Levels and vault maps discovered:
D:1:      amcnicky_arrival_feature_with_door, layout_basic, serial_glass,
          glass_columns_c, glass_columns_b, serial_shops,
          nicolae_shop_window_shopping, minmay_cut_off
D:2:      layout_loops_ring
D:3:      layout_loops_ring, ebering_ghost_sewer_f, grunt_ministairs_11,
          nicolae_elevator_lobby_plus
D:4:      lemuel_castle_with_subvaults [lemuel_castle_interior_original],
          layout_basic, uniq_ijyb

Notes
Turn   | Place    | Note
-------+----------+-------------------------------------------
     0 | D:1      | ytrimaz the Troll Transmuter began the quest for the Orb.
     0 | D:1      | Reached XP level 1. HP: 18/18 MP: 1/1
     0 | D:1      | magus.rc [v1.9.6]
    96 | D:1      | Reached XP level 2. HP: 26/26 MP: 2/2
   100 | D:1      | Found Dyafecs's Magic Scroll Shop.
   256 | D:1      | Reached skill level 4 in Unarmed Combat
   472 | D:1      | Reached XP level 3. HP: 32/32 MP: 3/3
  1011 | D:2      | Reached XP level 4. HP: 40/40 MP: 4/4
  1036 | D:2      | Identified the +0 robe "Xappi" {Str-3 Int+4 Dex+4}
  1092 | D:2      | Reached skill level 5 in Unarmed Combat
  1418 | D:3      | Learned a level 2 spell: Wereblood
  1496 | D:3      | You pick up a book of Cantrips and begin reading...
  1496 | D:3      | You add the spells Necrotise, Summon Small Mammal and
                  | Apportation to your library.
  1522 | D:3      | Found a runed translucent door.
  1663 | D:3      | Found a runed translucent door.
  1666 | D:3      | Noticed KidAlby's ghost (amateur MiHu)
  2339 | D:4      | Reached XP level 5. HP: 41/46 MP: 2/5
  2342 | D:4      | Reached skill level 6 in Unarmed Combat
  2401 | D:4      | HP: 12/69 [gnoll/+1 glaive of venom (6)]
  2402 | D:4      | HP: 1/46 [poisoned by a gnoll]
  2402 | D:4      | Mangled by a gnoll

Vanquished Creatures
  2 hounds (D:4)
  An orc priest (D:4)
  An orc wizard (D:4)
  6 adders
  4 orcs
  8 ball pythons
  7 endoplasms
  6 giant cockroaches
  8 goblins
  5 hobgoblins
  4 jackals
  4 quokkas
  4 bats
  4 frilled lizards
  6 kobolds
  7 rats
77 creatures vanquished.

Table legend:
 A = Non-vault XP
 B = Vault XP
 C = Vault XP percentage of total XP
 D = Non-vault monster count
 E = Vault monster count
 F = Vault count percentage of total count
                 A         B        C        D         E       F
            +---------+---------+-------+---------+---------+-------
      Total |     341 |      13 |   3.7 |      68 |       9 |  11.7
            +---------+---------+-------+---------+---------+-------
        D:1 |      40 |       7 |  14.9 |      24 |       5 |  17.2
        D:2 |      87 |       0 |   0.0 |      23 |       0 |   0.0
        D:3 |      46 |       2 |   4.2 |      14 |       2 |  12.5
        D:4 |     168 |       4 |   2.3 |       7 |       2 |  22.2
            +---------+---------+-------+---------+---------+-------

Illustrated notes

Table legend:
 A = Kills in this place as a percentage of kills in the entire game.
 B = Kills by you in this place as a percentage of kills by you in the entire game.
 C = Kills by friends in this place as a percentage of kills by friends in the entire game.
 D = Other kills in this place as a percentage of other kills in the entire game.
 E = Experience gained in this place as a percentage of experience gained in the entire game.
 F = Experience gained in this place divided by the number of levels of this place that you have seen.
                   A       B       C       D       E      F
               +-------+-------+-------+-------+-------+----------------------
         Total | 100.0 | 100.0 |   N/A |   N/A | 100.0 |  88.5
       Dungeon | 100.0 | 100.0 |   N/A |   N/A | 100.0 |  88.5
               +-------+-------+-------+-------+-------+----------------------

Table legend: (Time is in decaauts)
 A = Elapsed time spent in this place.
 B = Non-inter-level travel time spent in this place.
 C = Inter-level travel time spent in this place.
 D = Time resting spent in this place.
 E = Time spent auto-exploring this place.
 F = Levels seen in this place.
 G = Mean time per level.
                   A        B        C        D        E       F      G
               +--------+--------+--------+--------+--------+-----+--------+
         Total |   2384 |   2285 |     99 |    103 |   1706 |   4 |  596.0 |
       Dungeon |   2384 |   2285 |     99 |    103 |   1706 |   4 |  596.0 |
               +--------+--------+--------+--------+--------+-----+--------+

Top non-repeatable levels by time:
     D:3: 895 daAuts
     D:1: 729 daAuts
     D:2: 643 daAuts
     D:4: 117 daAuts
